 Dungeon Crawl Stone Soup version 0.30.1-9-gdf580d7c3d (webtiles) character file.

Game seed: 11925058514465797035

275 hawla the Firebug (level 6, -9/45 HPs)
             Began as a Meteoran Fire Elementalist on Oct 20, 2023.
             Was an Initiate of Vehumet.
             Mangled by an ogre
             ... wielding a +0 giant spiked club
              (36 damage)
             ... on level 5 of the Dungeon.
             The game lasted 00:05:59 (1030 turns).

hawla the Firebug (Meteoran Fire Elementalist)      Turns: 1030, Time: 00:06:01

Health: -9/45      AC:  2    Str: 10    XL:     6   Next: 80%
Magic:  2/12       EV: 13    Int: 18    God:    Vehumet [......]
Gold:   161        SH:  0    Dex: 15    Spells: 5/12 levels left

rFire   . . .        e - +0 whip
rCold   . . .        (no shield)
rNeg    . . .        a - +0 robe
rPois   .            (no helmet)
rElec   .            (no cloak)
rCorr   .            (no gloves)
SInv    .            (no boots)
Will    .....        (no amulet)
Stlth   +            (no ring)
HPRegen 0.27/turn    (no ring)
MPRegen 0.13/turn

%: no passive effects
@: glowing
A: sense surroundings 1, otherworldly, glowing, explore regen
a: Renounce Religion


You were on level 5 of the Dungeon.
You worshipped Vehumet.
Vehumet was noncommittal.
You visited 1 branch of the dungeon, and saw 5 of its levels.

You collected 161 gold pieces.

Inventory:

Hand Weapons
 e - a +0 whip (weapon)
Missiles
 b - 3 curare-tipped darts (quivered)
 j - 5 poisoned darts
Armour
 a - a +0 robe (worn)
Scrolls
 f - a scroll of noise {unknown}
 h - a scroll of enchant weapon {unknown}
 k - a scroll of vulnerability {unknown}
Potions
 c - a potion of haste {unknown}
 g - a potion of attraction {unknown}
 i - a potion of degeneration {unknown}


   Skills:
 + Level 0.1 Fighting
 + Level 3.2 Throwing
 + Level 2.8 Dodging
 - Level 1.4 Stealth
 + Level 3.7 Spellcasting
 + Level 4.6 Conjurations
 + Level 4.7 Fire Magic


You had 5 spell levels left.
You knew the following spells:

 Your Spells              Type           Power      Damage    Failure   Level
a - Foxfire               Conj/Fire      80%        2x1d8     2%          1
b - Scorch                Fire           40%        2d7       3%          2
c - Flame Wave            Conj/Fire      20%        2d7       22%         4

Your spell library contained the following spells:

 Spells                   Type           Power      Damage    Failure   Level
 Inner Flame              Hex/Fire       11%        N/A       17%         3
 Volatile Blastmotes      Fire/Tloc      22%        2d11      17%         3


Dungeon Overview and Level Annotations

Branches:
Dungeon (5/15) Zot: 1963
 Temple: D:4-7

Altars:
Gozag
Vehumet


Innate Abilities, Weirdness & Mutations

You passively map a small area around you.
You are easily found by Zot.
You glow in the dark.
You regain HP and MP as you explore.


Message History

Press: ? - help, Dir - look around, f - activate A wave of flame ripples out!
The flame wave engulfs your foxfire.
Your foxfire completely resists.
The flame wave engulfs the orc priest.
The orc priest is severely wounded. (Press . to intensify the flame waves.)
You hear a shout!
You hear an angry hiss.
The foxfire hits the orc priest.
The orc priest is severely wounded.
A white imp comes into view.
A wave of flame ripples out!
The flame wave engulfs the ogre!
The ogre is moderately wounded.
The flame wave engulfs the orc.
You kill the orc!
Vehumet accepts your kill.
The flame wave engulfs the jackal!
You kill the jackal!
Vehumet accepts your kill.
The flame wave engulfs the orc priest.
You kill the orc priest!
Vehumet accepts your kill.
The flame wave engulfs the orc!
You kill the orc!
Vehumet accepts your kill.
You hear an angry hiss.
The ogre hits you with a +0 giant spiked club!!
A wave of flame ripples out!
The flame wave engulfs the ogre!
The ogre is severely wounded.
The flame wave engulfs the jackal!
You kill the jackal!
Vehumet accepts your kill.
You finish channelling waves of flame.
You hear a shout! x4
Casting: Flame Wave (quite dangerous; 22% risk of failure)
Confirm with . or Enter, or press ? or * to list all spells.
You conjure some foxfire!
An ufetubus comes into view.
The ogre hits you with a +0 giant spiked club!!!
Ouch! That really hurt!
You die...

*, ....# , *
##.. . , *
.!.<..### , ,
..... ..# , . *
, , .........
,... , ,
......#.###5...
......v..hh....
#.....v@†# ,, ,
#....#O)## , ,
, ,#.. #.). , ,
. ....., , , *
#...... , , , ,
, .#......<, ,
* ..##...... ,
,,..# #......)
, * ,


You could see an ogre (ally target), an ufetubus and 2 jackals.

Vanquished Creatures
  An ogre (D:4)
  A scorpion (D:4)
  An orc priest (D:5)
  An iguana (D:4)
  4 adders
  2 orcs (D:5)
  5 endoplasms
  A giant cockroach (D:1)
  3 goblins
  4 hobgoblins
  4 jackals
  A kobold (D:1)
  2 quokkas
  5 ball pythons
  A bat (D:2)
  2 frilled lizards
  3 rats
41 creatures vanquished.

Vanquished Creatures (others)
  79 foxfires
79 creatures vanquished.

Grand Total: 120 creatures vanquished

Notes
Turn   | Place    | Note
-------+----------+-------------------------------------------
     0 | D:1      | hawla the Meteoran Fire Elementalist began the quest for
                  | the Orb.
     0 | D:1      | Reached XP level 1. HP: 14/14 MP: 5/5
    82 | D:1      | Reached XP level 2. HP: 7/20 MP: 6/6
   106 | D:1      | Learned a level 2 spell: Scorch
   180 | D:2      | Reached XP level 3. HP: 26/26 MP: 3/8
   207 | D:2      | Found a faded altar of an unknown god.
   639 | D:3      | Reached XP level 4. HP: 33/33 MP: 6/10
   655 | D:4      | Learned a level 4 spell: Flame Wave
   664 | D:4      | Found a radiant altar of Vehumet.
   669 | D:4      | Found an opulent altar of Gozag.
   739 | D:4      | Became a worshipper of Vehumet
   878 | D:4      | Noticed an ogre
   882 | D:4      | Killed an ogre
   883 | D:4      | Reached XP level 5. HP: 22/38 MP: 1/11
   941 | D:4      | Reached skill level 1 in Throwing
   941 | D:4      | Reached XP level 6. HP: 45/45 MP: 10/12
  1024 | D:5      | Entered Level 5 of the Dungeon
  1024 | D:5      | Noticed an ogre
  1030 | D:5      | Mangled by an ogre

Illustrated notes

Levels and vault maps discovered:
D:1:      giann_forest_graveyard, layout_rooms, serial_shops,
          nicolae_shop_crystal, minmay_misc_feat_enclosed, minmay_pentomino_o4
D:2:      layout_basic, serial_shops, shop,
          shapermc_ecumenical_altar_mp_highgroup, guppyfry_early_lair_pool
D:3:      layout_basic, mainiacjoe_overflow_concentric_impassable,
          mainiacjoe_overflow_brackets
D:4:      nicolae_cairo_tiling_large, layout_loops_ring,
          mainiacjoe_overflow_catwalk_spiral, serial_bayou_pond_c,
          corexii_checkpoint_a
D:5:      layout_cave_pools, fedhas_altar_2, minmay_temple_entry_fiery,
          lightli_sewer_entry_pipes, hangedman_decor_slide_cut,
          minmay_misc_feat_five, kennysheep_generic_room_10

Skill      XL: |  1  2  3  4  5  6 |
---------------+-------------------+-----
Fire Magic     | 4 |  4.7
Spellcasting   | 3 |  3.7
Conjurations   | 4 |  4.6
Throwing       | 1 3 |  3.2
Fighting       | |  0.1
Dodging        | |  2.8
Stealth        | |  1.4

Action                     |  1- 3 |  4- 6 || total
---------------------------+-------+-------++-------
  Melee: Unarmed           |    19 |       ||    19
         Whip              |     4 |    10 ||    14
   Cast: Foxfire           |    33 |    12 ||    45
         Scorch            |     6 |    11 ||    17
         Flame Wave        |       |     2 ||     2
    Use: Potion            |     1 |     1 ||     2
         Scroll            |     1 |       ||     1
 Armour: Robe              |    18 |     1 ||    19
  Dodge: Dodged            |    22 |    11 ||    33
